 Dungeon Crawl Stone Soup version 0.27-a0-1342-ga99462a43c (webtiles) character file.

Game seed: 697118754498377098

47 Gargoyl the Skirmisher (level 3, -1/35 HPs)
             Began as a Gnoll Abyssal Knight on June 27, 2021.
             Was a Follower of Lugonu.
             Frozen to death by an endoplasm (4 damage)
             ... on level 2 of the Dungeon.
             The game lasted 00:01:05 (1217 turns).

Gargoyl the Skirmisher (Gnoll Abyssal Knight)       Turns: 1217, Time: 00:01:05

Health: -1/35      AC:  3    Str: 12    XL:     3   Next: 70%
Magic:  6/6        EV: 12    Int: 11    God:    Lugonu [*.....]
Gold:   6          SH:  0    Dex: 11    Spells: 3/3 levels left

rFire    . . .     SeeInvis .   a - +1 hand axe
rCold    . . .     Faith    .   (no shield)
rNeg     . . .     Spirit   .   b - +0 leather armour
rPois    .         Reflect  .   (no helmet)
rElec    .         Harm     .   (no cloak)
rCorr    .         Rampage  .   (no gloves)
Will     .....                  (no boots)
Stlth    +.........             (no amulet)
HPRegen  0.11/turn              (no ring)
MPRegen  0.10/turn              (no ring)

@: no status effects
A: fangs 1, strong nose, distributed training
a: Renounce Religion, Depart the Abyss


You were on level 2 of the Dungeon.
You worshipped Lugonu.
Lugonu was aware of your devotion.
You visited 1 branch of the dungeon, and saw 2 of its levels.
You visited the Abyss 1 time.

You collected 6 gold pieces.

Inventory:

Hand Weapons
 a - a +1 hand axe (weapon)
Missiles
 c - 10 poisoned darts (quivered)
Armour
 b - a +0 leather armour (worn)


   Skills:
 + Level 6.5 Fighting
 + Level 0.9 Short Blades
 + Level 0.9 Long Blades
 + Level 4.5 Axes
 + Level 0.9 Maces & Flails
 + Level 0.9 Polearms
 + Level 0.9 Staves
 + Level 0.9 Slings
 + Level 0.9 Bows
 + Level 0.9 Crossbows
 + Level 0.9 Throwing
 + Level 4.5 Armour
 + Level 2.6 Dodging
 + Level 0.9 Stealth
 + Level 0.9 Shields
 + Level 0.9 Unarmed Combat
 + Level 0.9 Spellcasting
 + Level 0.6 Conjurations
 + Level 0.6 Hexes
 + Level 0.6 Summonings
 + Level 0.6 Necromancy
 + Level 0.6 Translocations
 + Level 0.6 Transmutations
 + Level 0.6 Fire Magic
 + Level 0.6 Ice Magic
 + Level 0.6 Air Magic
 + Level 0.6 Earth Magic
 + Level 0.6 Poison Magic
 + Level 4.6 Invocations
 + Level 0.9 Evocations


You had 3 spell levels left.
You didn't know any spells.
Your spell library contained the following spells:

 Spells                   Type           Power      Damage    Failure   Level
 Beastly Appendage        Tmut           2%         N/A       32%         1
 Magic Dart               Conj           4%         1d3       32%         1
 Searing Ray              Conj           2%         3d3       43%         2
 Wereblood                Tmut           1%         N/A       43%         2
 Confusing Touch          Hex            1%         N/A       67%         3
 Dazzling Flash           Conj/Hex       2%         N/A       67%         3
 Gell's Gravitas          Tloc           0%         N/A       67%         3
 Spider Form              Tmut/Pois      0%         N/A       67%         3
 Fulminant Prism          Conj/Hex       0%         3d6       97%         4
 Ice Form                 Ice/Tmut       1%         N/A       97%         4
 Iskenderun's Mystic Bla  Conj/Tloc      1%         2d3       97%         4
 Petrify                  Tmut/Erth      1%         N/A       97%         4
 Metabolic Englaciation   Hex/Ice        0%         N/A       100%        5
 Yara's Violent Unravell  Hex/Tmut       0%         3d3       100%        5


Dungeon Overview and Level Annotations

Branches:
Dungeon (2/15)

Altars:


Innate Abilities, Weirdness & Mutations

You have very sharp teeth.
Your uncanny sense of smell can sniff out nearby items.
Your experience applies equally to all skills.


Message History

You kill the kobold!
Lugonu accepts your kill.
You hit the worm. The worm bites you!
* * * LOW HITPOINT WARNING * * *
Things that are here:
a +0 whip; 3 stones Unknown command.
The worm bites you.
* * * LOW HITPOINT WARNING * * *
Found a dire flail.
Unknown command.
You slash the worm! You bite the worm, but do no damage.
The worm is heavily wounded.
You aren't carrying any potions.
You hit the worm.
The worm is severely wounded.
The worm closely misses you.
You hit the worm.
The worm is severely wounded.
The worm bites you.
* * * LOW HITPOINT WARNING * * *
You hit the worm.
The worm is severely wounded.
You hit the worm.
The worm is severely wounded.
The worm closely misses you.
You slash the worm!
You kill the worm!
Lugonu accepts your kill.
Unknown command.
An endoplasm comes into view.
An endoplasm is nearby!
An endoplasm is nearby!
An endoplasm is nearby!
The endoplasm quivers.
You see here a worm corpse.
The endoplasm freezes you.
You are frozen.
You die...

#............# #.##
####............# #... .
................# #...
..................# #...
?...........#########...
............# #....
....!.###.### #....
......###†##### #....
#.#J@†)....# #....
#..........# #....
##.........# ##....
#.........# #.....
#.........# #.....
##........# #.....
#.##.##### #..... #. #.#
######..... .. #)#
#.........##


You could see an endoplasm.

Vanquished Creatures
  A gnoll (D:1)
  An adder (D:2)
  A worm (D:2)
  2 dart slugs
  2 ball pythons
  A bat (D:1)
  4 endoplasms
  2 giant cockroaches
  A hobgoblin (D:2)
  2 kobolds (D:2)
  2 frilled lizards
  3 rats
22 creatures vanquished.

Notes
Turn   | Place    | Note
-------+----------+-------------------------------------------
     0 | Abyss:1  | Gargoyl the Gnoll Abyssal Knight began the quest for the
                  | Orb.
     0 | Abyss:1  | Reached XP level 1. HP: 23/23 MP: 3/3
    83 | Abyss:1  | Noticed a ynoxinul
    97 | D:1      | Escaped the Abyss
   364 | D:1      | Reached XP level 2. HP: 4/29 MP: 5/5
   649 | D:1      | Found a faded altar of an unknown god.
  1098 | D:2      | Reached XP level 3. HP: 33/35 MP: 6/6
  1099 | D:2      | Reached * piety under Lugonu
  1194 | D:2      | HP: 1/35 [worm (2)]
  1217 | D:2      | Frozen to death by an endoplasm

Illustrated notes

Levels and vault maps discovered:
D:1:      psy_arrival_terrarium, layout_rooms,
          shapermc_ecumenical_altar_totnotflames
D:2:      layout_basic

Action                   || total
-------------------------++-------
Melee: Hand axe          ||    74
       Bite              ||     7
Invok: Depart the Abyss  ||     1
  Use: Scroll            ||     2
Armor: Leather armour    ||    21
Dodge: Dodged            ||    47

Table legend: (Time is in decaauts)
 A = Elapsed time spent in this place.
 B = Non-inter-level travel time spent in this place.
 C = Inter-level travel time spent in this place.
 D = Time resting spent in this place.
 E = Time spent auto-exploring this place.
 F = Levels seen in this place.
 G = Mean time per level.
                   A        B        C        D        E       F      G
               +--------+--------+--------+--------+--------+-----+--------+
         Total |   1222 |   1196 |     26 |      0 |   1008 |   3 |  407.3 |
       Dungeon |   1124 |   1098 |     26 |      0 |    929 |   2 |  562.0 |
         Abyss |     97 |     97 |      0 |      0 |     79 |   1 |   97.0 |
               +--------+--------+--------+--------+--------+-----+--------+

Top non-repeatable levels by time:
     D:1: 993 daAuts
     D:2: 131 daAuts
 Abyss:1: 97 daAuts
